 Dungeon Crawl Stone Soup version 0.20-a0-11-ga97c7b5 (webtiles) character file.

266 Espgualade the Sneak (level 6, 0/43 HPs)
             Began as an Octopode Ice Elementalist on Nov 2, 2016.
             Was a Follower of Vehumet.
             Succumbed to a worker ant's poison
             ... on level 5 of the Dungeon.
             The game lasted 00:11:33 (4147 turns).

Espgualade the Sneak (Octopode Ice Elementalist)    Turns: 4147, Time: 00:11:34

Health: 0/43       AC:  3    Str:  7    XL:     6   Next: 20%
Magic:  9/9        EV: 14    Int: 25    God:    Vehumet [*.....]
Gold:   285        SH:  0    Dex: 12    Spells: 3 memorised, 3 levels left

rFire  . . .     SeeInvis .     j - +1 dagger (holy)
rCold  . . .     Gourm    .     (no shield)
rNeg   . . .     Faith    .     e - +2 hat
rPois  .         Spirit   .     t - amulet of magic regeneration
rElec  .         Reflect  .     (no ring)
rCorr  .         Harm     .     (no ring)
MR     .....                    (no ring)
Stlth  ++++......               (no ring)
                                (no ring)
                                (no ring)
                                (no ring)
                                (no ring)

@: brilliant, lethally poisoned (0 -> -3), very slightly contaminated, invisible
A: almost no armour, stealthy swim, amphibious, 8 rings, constrict 8, camouflage
1, gelatinous body 1
a: Renounce Religion


You were on level 5 of the Dungeon.
You worshipped Vehumet.
Vehumet was aware of your devotion.
You were not hungry.

You visited 1 branch of the dungeon, and saw 5 of its levels.

You collected 285 gold pieces.

Inventory:

Hand Weapons
 h - a +1 dagger of flaming
 j - a +1 dagger of holy wrath (weapon)
Armour
 e - a +2 hat (worn)
Jewellery
 t - an amulet of magic regeneration (around mantle)
Scrolls
 c - 2 scrolls of enchant weapon {unknown}
 d - a scroll of magic mapping {unknown}
 k - 2 scrolls of fog
 m - 3 scrolls of remove curse
 p - a scroll of noise {unknown}
 q - a scroll of blinking {unknown}
 u - 4 scrolls of identify
 w - 2 scrolls of amnesia {unknown}
 y - a scroll of teleportation {unknown}
Potions
 i - 2 potions of cancellation
 r - a potion of flight
 s - a potion of degeneration
 v - a potion of berserk rage
Books
 a - a book of Frost

   Spells                             Type                      Level
   a - Freeze                         Ice                          1
   b - Throw Frost                    Conjuration/Ice              2
   c - Ozocubu's Armour               Charms/Ice                   3
   d - Throw Icicle                   Conjuration/Ice              4
   e - Summon Ice Beast               Ice/Summoning                4
Comestibles
 b - 3 bread rations
 f - a beef jerky
 g - 3 meat rations
 n - a slice of pizza


   Skills:
 - Level 4.0 Fighting
 + Level 3.6 Dodging
 + Level 5.0 Stealth
 - Level 2.0 Spellcasting
 - Level 1.0 Conjurations
 - Level 3.0 Ice Magic


You had 3 spell levels left.
You knew the following spells:

 Your Spells              Type           Power        Failure   Level  Hunger
a - Freeze                Ice            ####         1%          1    None
b - Throw Frost           Conj/Ice       ####..       1%          2    ##.....
c - Ozocubu's Armour      Chrm/Ice       ####....     2%          3    ###....


Dungeon Overview and Level Annotations

Branches:
Dungeon (5/15)             Temple (0/1) D:5

Altars:
Elyvilon
Nemelex Xobeh
Ru
Sif Muna
Vehumet


Innate Abilities, Weirdness & Mutations

You cannot wear most types of armour.
You are very stealthy in the water. (Stealth+)
You are amphibious.
You can wear up to eight rings at the same time.
You can use your tentacles to constrict eight enemies at once.
Your skin changes colour to match your surroundings (Stealth+).
Your rubbery body absorbs attacks. (AC +1, EV +1)


Message History

You feel sick.
There is a staircase to the Ecumenical Temple here.
Okay, then.
Okay, then.
There is a lethal amount of poison in your body!
There is a lethal amount of poison in your body!
There is a lethal amount of poison in your body!
There is a lethal amount of poison in your body!
There is a lethal amount of poison in your body!
* * * LOW HITPOINT WARNING * * *
You feel sick.
* * * LOW HITPOINT WARNING * * *
You feel sick.
* * * LOW HITPOINT WARNING * * *
You feel sick.
* * * LOW HITPOINT WARNING * * *
You feel sick.
* * * LOW HITPOINT WARNING * * *
You feel sick.
You die...

###########
#.........#
#.......>.#######
#.........#......
#....@...<....#
#.........#####
#.........#
#.........#
#.........#
###########


There were no monsters in sight!

Vanquished Creatures
  A howler monkey (D:4)
  A quasit (D:5)
  A worker ant (D:5)
  The ghost of TheAce363 the Shield-Bearer, a weakling TrFi (D:4)
  6 adders (D:2)
  An ooze (D:4)
  5 worms
  A dart slug (D:3)
  3 leopard geckos
  3 orcs (D:3)
  A ball python (D:3)
  3 giant cockroaches
  7 hobgoblins
  6 jackals
  7 kobolds
  A quokka (D:4)
  11 bats
  5 frilled lizards
  5 goblins
  11 rats
80 creatures vanquished.

Notes
Turn   | Place    | Note
-------+----------+-------------------------------------------
     0 | D:1      | Espgualade the Octopode Ice Elementalist began the quest for the Orb.
     0 | D:1      | Reached XP level 1. HP: 11/11 MP: 3/3
   244 | D:1      | Reached skill level 1 in Fighting
   511 | D:1      | Reached XP level 2. HP: 8/18 MP: 0/5
  1094 | D:1      | Reached XP level 3. HP: 25/25 MP: 6/6
  1278 | D:1      | Learned a level 2 spell: Throw Frost
  1282 | D:1      | Learned a level 3 spell: Ozocubu's Armour
  1541 | D:2      | Reached XP level 4. HP: 28/31 MP: 7/7
  1570 | D:2      | Found a radiant altar of Vehumet.
  1579 | D:2      | Became a worshipper of Vehumet
  2247 | D:2      | Reached skill level 3 in Stealth
  2498 | D:2      | Reached XP level 5. HP: 27/37 MP: 8/8
  2882 | D:3      | Reached * piety under Vehumet
  2882 | D:3      | Offered knowledge of Flame Tongue by Vehumet.
  3542 | D:4      | Noticed TheAce363's ghost (weakling TrFi)
  3567 | D:4      | Killed TheAce363's ghost
  3567 | D:4      | Reached skill level 4 in Stealth
  3689 | D:4      | Found a sacrificial altar of Ru.
  3706 | D:4      | Found a deep blue altar of Sif Muna.
  3868 | D:4      | Found a sparkling altar of Nemelex Xobeh.
  4079 | D:4      | Found a white marble altar of Elyvilon.
  4107 | D:5      | Entered Level 5 of the Dungeon
  4107 | D:5      | Found a staircase to the Ecumenical Temple.
  4128 | D:5      | Reached XP level 6. HP: 12/43 MP: 6/9
  4130 | D:5      | Reached skill level 5 in Stealth
  4141 | D:5      | HP: 2/43 [poisoned by a worker ant]
  4147 | D:5      | Succumbed to a worker ant's poison

Vault maps used:
D:1:      doesnt_arrival_eight_statues
D:2:      lemuel_coloured_pillars_altar, minmay_misc_feat_chi,
          minmay_misc_feat_hallway, glass_columns_a, minmay_misc_feat_columns
D:4:      cheibrodos_quashed, nicolae_overflow_quartered_altars, first_bread

Skill      XL: |  1  2  3  4  5  6 |
---------------+-------------------+-----
Fighting       | 1 2 3 4 |  4.0
Stealth        | 3 4 5 |  5.0
Dodging        | 3 |  3.6
Spellcasting   | |  2.0
Conjurations   | |  1.0
Ice Magic      | |  3.0

Action                   |  1- 3 |  4- 6 || total
-------------------------+-------+-------++-------
Melee: Whip              |    20 |       ||    20
       Constrict         |    23 |    29 ||    52
       Unarmed           |     2 |       ||     2
       Tentacles         |    13 |    14 ||    27
       Dagger            |    64 |   118 ||   182
 Cast: Freeze            |     8 |     6 ||    14
       Ozocubu's Armour  |       |     1 ||     1
  Use: Potion            |       |     5 ||     5
       Scroll            |       |     5 ||     5
 Stab: Sleeping          |     7 |    10 ||    17
  Eat: Chunk             |     2 |     6 ||     8
       Bread ration      |       |     1 ||     1
Armor: Skin              |    20 |    27 ||    47
Dodge: Dodged            |    54 |   100 ||   154
